 Dungeon Sprint DCSS version 0.29-a0-409-gd843f3a48c (webtiles) character file.

Game seed: 1706125155629988134

27098 mhtbhm the Shatterer (level 13, -14/102 HPs)
             Began as a Gargoyle Berserker on May 14, 2022.
             Was the Champion of Trog.
             Demolished by a goliath frog (17 damage)
             ... in the Dungeon (Sprint IX: "|||||||||||||||||||||||||||||").
             The game lasted 00:06:16 (2659 turns).

mhtbhm the Shatterer (Gargoyle Berserker)           Turns: 2659, Time: 00:06:16

Health: -14/102    AC: 36    Str: 24 (26) XL:     13   Next: 30%
Magic:  0/13       EV: 11    Int:  7 (8)  God:    Trog [******]
Gold:   302        SH:  0    Dex:  8 (9)  Spells: 12/12 levels left

rFire   + . .      SeeInvis .   a - +5 great mace of the Swamp {vorpal, rElec rN+}
rCold   . . .      Faith    .   (shield currently unavailable)
rNeg    + + .      Spirit   .   b - +6 chain mail "Budergh" {Rampage *Corrode Drain +Blink}
rPois   ∞          Reflect  .   l - +1 helmet
rElec   +          Harm     .   k - +0 cloak
rCorr   .          Rampage  +   (no gloves)
Will    +....      NoTele   +   I - +1 pair of boots
Stlth   ..........              (no amulet)
HPRegen 0.27/turn               E - ring of willpower
MPRegen 0.13/turn               F - ring of protection from fire

@: on berserk cooldown, slowed, very slow
A: sickness immunity, AC +9, negative energy resistance 1, electricity
resistance, torment resistance 1, petrification resistance
a: Renounce Religion, Evoke Blink, Berserk, Trog's Hand, Brothers in Arms


You were in the Dungeon.
You worshipped Trog.
Trog was exalted by your worship.
You visited 1 branch You collected 1926 gold pieces.
You spent 1624 gold pieces at shops.

Inventory:

Hand Weapons
 a - the +5 great mace of the Swamp (weapon) {vorpal, rElec rN+}
   (Trog gifted it to you in the Dungeon)

   It inflicts extra damage upon your enemies.
   rElec:     It insulates you from electricity.
   rN:        It protects you from negative energy.
Missiles
 B - 2 atropa-tipped darts
 D - 3 curare-tipped darts (quivered)
Armour
 b - the +6 chain mail "Budergh" (worn) {Rampage *Corrode Drain +Blink}
   (You found it in the Dungeon)

   +Blink:    It lets you blink.
   *Corrode:  It may corrode you when you take damage.
   Drain:     It drains your maximum health when unequipped.
   Rampage:   It bestows one free step when moving towards enemies.
 k - a +0 cloak (worn)
 l - a +1 helmet (worn)
 m - a +1 tower shield
 I - a +1 pair of boots (worn)
Jewellery
 E - a ring of willpower (left hand)
 F - a ring of protection from fire (right hand)
 G - a ring of fire
 H - a ring of ice
Wands
 j - a wand of acid (2)
 C - a wand of polymorph (10)
Scrolls
 h - 3 scrolls of blinking
 n - 2 scrolls of brand weapon
 o - 7 scrolls of enchant armour
 p - a scroll of fear
 q - 6 scrolls of enchant weapon
 t - a scroll of immolation
 w - 7 scrolls of identify
 x - a scroll of poison
 y - 2 scrolls of fog
Potions
 c - 5 potions of curing
 d - a potion of invisibility
 e - 2 potions of haste
 f - 4 potions of magic
 g - 3 potions of berserk rage
 i - 3 potions of heal wounds
 r - 4 potions of resistance
 u - a potion of experience
 v - 3 potions of mutation
 z - a potion of attraction
 A - a potion of might


   Skills:
 + Level 20.3 Fighting
 + Level 23.1 Maces & Flails
 + Level 15.5 Armour
 + Level 8.3 Dodging
 + Level 2.9 Stealth
 + Level 4.3 Evocations


You had 12 spell levels left.
You didn't know any spells.
Your spell library was empty.

Dungeon Overview and Level Annotations

Branches:
Dungeon (1/1)

Altars:
Cheibriados
Dithmenos
Elyvilon
Fedhas
Gozag
Hepliaklqana
Kikubaaqudgha
Makhleb
Nemelex Xobeh
Okawaru
Qazlal
Ru
Sif Muna
Trog
Uskayaw
Vehumet
Wu Jian
Xom
Yredelemnul
Zin
The Shining One
Beogh
Jiyva
Lugonu

Shops:
D *!*


Innate Abilities, Weirdness & Mutations

You are immune to sickness and miasma.
Your stone body is resilient. (AC +9)
You are immune to poison.
You resist negative energy. (rN+)
You are resistant to electric shocks. (rElec)
You are resistant to unholy torment.
You are immune to petrification.


Message History

Something stings you but does no damage.
The spriggan hits you but does no damage.
Something hits you but does no damage. Something barely misses you.
Something stings you but does no damage.
The spriggan hits you from afar with a +0 spear.
Unknown command.
You hit something but do no damage.
The goliath frog no longer looks unusually strong.
Your stone giant barely misses the spriggan.
Something hits you.
* * * LOW HITPOINT WARNING * * *
You feel dopey. Something hits you but does no damage.
Something stings you but does no damage.
The alligator puts on a burst of speed!
The spriggan closely misses you.
Unknown command.
Unknown command.
You sock something!
Your stone giant barely misses the spriggan.
Something hits you.
* * * LOW HITPOINT WARNING * * *
You feel weakened. Something hits you but does no damage.
Something stings you but does no damage.
The spriggan hits you but does no damage.
Your stone giant hits the spriggan!!
The spriggan dies!
Trog accepts your kill.
Unknown command.
Unknown command.
You hit something. Something hits you but does no damage. Something hits you!!
* * * LOW HITPOINT WARNING * * *
Something stings you but does no damage.
Your stone giant completely misses the goliath frog.
You feel you are being watched by something.
You feel your power leaking away.
Something hits you but does no damage. x2
Something stings you but does no damage.
The goliath frog hits you from afar!
You die...

▓▓▓▓▓▓▓▓▓▓▓▓▓▓▓▓▓▓
▓...▓...▓...▓...▓<
▓.▓.▓.▓.▓.▓.▓.▓.▓.
▓.▓.▓.▓.▓.▓.▓.▓.▓.
▓.▓.▓.▓.▓.▓.▓.▓.▓.
▓{▓.▓.▓.▓.▓.▓.▓.▓)
▓@▓.▓.▓.▓.▓.▓.▓.▓.
▓C▓.▓.▓.▓.▓.▓.▓.▓.
▓F▓.▓.▓.▓.▓.▓'▓.▓.
▓F▓.▓.▓.▓.▓.▓.▓.▓.
▓t▓.▓'▓.▓.▓.▓.▓.▓.
▓)▓.▓.▓.▓.▓.▓.▓.▓'
▓.▓.▓.▓.▓.▓.▓.▓.▓†
▓.▓.▓.▓.▓.▓.▓!▓.▓.
▓.▓.▓.▓.▓)▓.▓.▓.▓.


You could see an alligator (strong, swift), 2 goliath frogs and a friendly stone
giant (summoned, berserk).

Vanquished Creatures
  Donald (D)
  A fire giant (D)
  A stone giant (D)
  2 hydras (D)
  A boulder beetle (D)
  A centaur warrior (D)
  An ice dragon (D)
  An alligator (D)
  2 deep troll shamans (D)
  A tengu warrior (D)
  8 orc high priests (D)
  Sonja (D)
  3 orc knights (D)
  2 orc sorcerers (D)
  A manticore (D)
  A will-o-the-wisp (D)
  An ugly thing (D)
  Maurice (D)
  2 black mambas (D)
  2 cane toads (D)
  A kobold demonologist (D)
  2 komodo dragons (D)
  An efreet (D)
  A meliai (D)
  A hornet (D)
  A slime creature (D)
  A spriggan (D)
  A shadow (D)
  2 wyverns (D)
  A basilisk (D)
  Grum (D)
  A vampire (D)
  A vampire mosquito (D)
  A wraith (D)
  3 wargs (D)
  2 water moccasins (D)
  3 hell hounds (D)
  10 orc warriors (D)
  A centaur (D)
  6 wolves (D)
  A necrophage (D)
  4 bullfrogs (D)
  A scorpion (D)
  A howler monkey (D)
  7 orc priests (D)
  2 iguanas (D)
  2 orc wizards (D)
  A white imp (D)
  8 orcs (D)
  A ball python (D)
  A goblin (D)
  A hobgoblin (D)
  A kobold (D)
  A frilled lizard (D)
107 creatures vanquished.

Vanquished Creatures (collateral kills)
  An eleionoma (D)
  A hydra (D)
  A tengu warrior (D)
  A spriggan druid (D)
  An ugly thing (D)
  A rime drake (D)
  A hornet (D)
  A spriggan (D)
  A water moccasin (D)
  A bullfrog (D)
10 creatures vanquished.

Vanquished Creatures (others)
  A foxfire (D)
1 creature vanquished.

Grand Total: 118 creatures vanquished

Notes
Turn   | Place    | Note
-------+----------+-------------------------------------------
     0 | D        | mhtbhm the Gargoyle Berserker began the quest for the Orb.
     0 | D        | Reached XP level 1. HP: 14/14 MP: 1/1
    15 | D        | Reached ** piety under Trog
   217 | D        | Noticed an iguana
   217 | D        | Noticed a necrophage
   217 | D        | Noticed a scorpion
   217 | D        | Noticed an iguana
   224 | D        | Killed an iguana
   225 | D        | Reached skill level 5 in Fighting
   225 | D        | Reached skill level 4 in Maces & Flails
   225 | D        | Reached XP level 2. HP: 21/21 MP: 2/2
   225 | D        | Reached XP level 3. HP: 26/26 MP: 3/3
   226 | D        | Killed a necrophage
   226 | D        | Reached *** piety under Trog
   227 | D        | Reached skill level 6 in Maces & Flails
   227 | D        | Reached XP level 4. HP: 30/32 MP: 4/4
   232 | D        | Killed a scorpion
   233 | D        | Reached skill level 7 in Maces & Flails
   233 | D        | Reached XP level 5. HP: 26/38 MP: 5/5
   241 | D        | Found a snail-covered altar of Cheibriados.
   241 | D        | Found a shadowy altar of Dithmenos.
   241 | D        | Found a white marble altar of Elyvilon.
   241 | D        | Found a blossoming altar of Fedhas.
   241 | D        | Found an opulent altar of Gozag.
   242 | D        | Found a hazy altar of Hepliaklqana.
   243 | D        | Found a viscous altar of Jiyva.
   244 | D        | Found an ancient bone altar of Kikubaaqudgha.
   245 | D        | Found a corrupted altar of Lugonu.
   246 | D        | Found a burning altar of Makhleb.
   247 | D        | Found a sparkling altar of Nemelex Xobeh.
   248 | D        | Found an iron altar of Okawaru.
   249 | D        | Found a stormy altar of Qazlal.
   250 | D        | Found a sacrificial altar of Ru.
   251 | D        | Found a shimmering blue altar of Sif Muna.
   252 | D        | Found a bloodstained altar of Trog.
   253 | D        | Found a hide-covered altar of Uskayaw.
   254 | D        | Found a radiant altar of Vehumet.
   255 | D        | Found an ornate altar of the Wu Jian Council.
   256 | D        | Found a shimmering altar of Xom.
   257 | D        | Found a basalt altar of Yredelemnul.
   258 | D        | Found a glowing silver altar of Zin.
   259 | D        | Found a glowing golden altar of the Shining One.
   412 | D        | Noticed a wyvern
   412 | D        | Noticed a centaur
   412 | D        | Noticed a wraith
   412 | D        | Noticed a shadow
   412 | D        | Noticed an orc warrior
   416 | D        | Killed a wyvern
   416 | D        | Reached **** piety under Trog
   417 | D        | Reached skill level 8 in Maces & Flails
   417 | D        | Reached skill level 5 in Armour
   417 | D        | Reached skill level 1 in Stealth
   417 | D        | Reached XP level 6. HP: 46/46 MP: 6/6
   419 | D        | Reached skill level 9 in Maces & Flails
   419 | D        | Reached skill level 5 in Dodging
   422 | D        | Killed a wraith
   423 | D        | Reached skill level 10 in Fighting
   423 | D        | Reached skill level 10 in Maces & Flails
   423 | D        | Reached XP level 7. HP: 52/52 MP: 7/7
   424 | D        | Killed a shadow
   435 | D        | Reached skill level 11 in Maces & Flails
   440 | D        | Reached ***** piety under Trog
   521 | D        | Noticed a vampire mosquito
   521 | D        | Noticed a six-headed hydra
   521 | D        | Noticed a vampire
   521 | D        | Noticed an efreet
   521 | D        | Noticed a basilisk
   521 | D        | Noticed a kobold demonologist
   527 | D        | Killed a six-headed hydra
   528 | D        | Reached skill level 12 in Maces & Flails
   528 | D        | Reached XP level 8. HP: 60/60 MP: 8/8
   533 | D        | Reached skill level 13 in Maces & Flails
   535 | D        | Killed a vampire
   536 | D        | Reached XP level 9. HP: 65/65 MP: 9/9
   541 | D        | Noticed a red devil
   541 | D        | Killed an efreet
   770 | D        | Noticed an orange demon
   781 | D        | Noticed a hellwing
   797 | D        | Killed a kobold demonologist
   797 | D        | Received a gift from Trog
   798 | D        | Reached skill level 14 in Maces & Flails
   921 | D        | Noticed a komodo dragon
   921 | D        | Noticed a black mamba
   921 | D        | Noticed a cane toad
   923 | D        | Noticed a seven-headed hydra
   925 | D        | Noticed a cane toad
   929 | D        | Killed a komodo dragon
   930 | D        | Reached skill level 15 in Maces & Flails
   934 | D        | Killed a black mamba
   937 | D        | Killed a cane toad
   938 | D        | Reached XP level 10. HP: 73/73 MP: 10/10
   941 | D        | Killed a seven-headed hydra
   942 | D        | Reached skill level 16 in Maces & Flails
   945 | D        | Killed a cane toad
   945 | D        | Reached ****** piety under Trog
  1078 | D        | Noticed a black mamba
  1084 | D        | Noticed a seven-headed hydra
  1087 | D        | Killed a black mamba
  1087 | D        | Received a gift from Trog
  1089 | D        | Reached skill level 10 in Armour
  1091 | D        | Reached skill level 17 in Maces & Flails
  1101 | D        | Killed a six-headed hydra
  1105 | D        | Reached skill level 15 in Fighting
  1229 | D        | Received a gift from Trog
  1233 | D        | Reached XP level 11. HP: 81/81 MP: 11/11
  1248 | D        | Reached skill level 18 in Maces & Flails
  1255 | D        | Identified the +5 great mace of the Swamp {vorpal, rElec
                  | rN+} (Trog gifted it to you in the Dungeon)
  1255 | D        | Received a gift from Trog
  1403 | D        | Noticed an orc knight
  1413 | D        | Killed an orc knight
  1431 | D        | Received a gift from Trog
  1507 | D        | Noticed an orc sorcerer
  1513 | D        | Killed an orc sorcerer
  1514 | D        | Noticed an orc sorcerer
  1516 | D        | Noticed an orc knight
  1518 | D        | Received a gift from Trog
  1523 | D        | Killed an orc sorcerer
  1524 | D        | Reached skill level 19 in Maces & Flails
  1524 | D        | Noticed an orc high priest
  1527 | D        | Killed an orc knight
  1541 | D        | Killed an orc high priest
  1614 | D        | Found Baqi's General Store.
  1614 | D        | Noticed an orc high priest
  1614 | D        | Noticed an orc high priest
  1621 | D        | Noticed an orc high priest
  1623 | D        | Killed an orc high priest
  1623 | D        | Received a gift from Trog
  1624 | D        | Noticed a sixfirhy
  1628 | D        | Killed an orc high priest
  1629 | D        | Found Wequrchiss's Distillery.
  1633 | D        | Found Feshij's Magic Scroll Emporium.
  1635 | D        | Noticed an orc high priest
  1637 | D        | Reached skill level 20 in Maces & Flails
  1640 | D        | Noticed an orc high priest
  1646 | D        | Killed an orc high priest
  1646 | D        | Received a gift from Trog
  1646 | D        | Killed an orc high priest
  1648 | D        | Killed an orc high priest
  1649 | D        | Reached skill level 1 in Evocations
  1649 | D        | Reached XP level 12. HP: 21/91 MP: 6/12
  1649 | D        | Found Zueneul's Assorted Antiques.
  1773 | D        | Noticed an orc high priest
  1774 | D        | Noticed an orc high priest
  1779 | D        | Killed an orc high priest
  1781 | D        | Killed an orc high priest
  1929 | D        | Bought a scroll of immolation for 35 gold pieces
  1931 | D        | Bought a potion of experience for 500 gold pieces
  1935 | D        | Bought a smoky puce potion for 16 gold pieces
  1935 | D        | Bought a scroll labelled VOUGHO ANLE for 18 gold pieces
  1935 | D        | Bought a scroll labelled VOUGHO ANLE for 18 gold pieces
  1935 | D        | Bought a scroll of enchant weapon for 135 gold pieces
  1935 | D        | Bought a scroll labelled VOUGHO ANLE for 18 gold pieces
  1937 | D        | Bought a scroll of poison for 38 gold pieces
  1937 | D        | Bought a scroll of brand weapon for 220 gold pieces
  1937 | D        | Bought a scroll of enchant armour for 82 gold pieces
  1937 | D        | Bought a scroll of blinking for 82 gold pieces
  1937 | D        | Bought a scroll of fog for 22 gold pieces
  1937 | D        | Bought a scroll of enchant weapon for 82 gold pieces
  1937 | D        | Bought a scroll of identify for 22 gold pieces
  1939 | D        | Bought a potion of attraction for 30 gold pieces
  1939 | D        | Bought a potion of berserk rage for 50 gold pieces
  1939 | D        | Bought a potion of might for 40 gold pieces
  1939 | D        | Bought 2 potions of mutation for 160 gold pieces
  1941 | D        | Bought 2 atropa-tipped darts for 12 gold pieces
  1949 | D        | Bought a scroll of identify for 22 gold pieces
  1949 | D        | Bought a scroll of identify for 22 gold pieces
  1991 | D        | Noticed Maurice
  1997 | D        | Killed Maurice
  1998 | D        | Reached skill level 21 in Maces & Flails
  2009 | D        | Noticed Grum
  2020 | D        | Killed Grum
  2026 | D        | Received a gift from Trog
  2036 | D        | Noticed Sonja
  2049 | D        | Killed Sonja
  2133 | D        | Got the +6 chain mail "Budergh" {Rampage *Corrode Drain
                  | +Blink}
  2186 | D        | Noticed a tengu warrior
  2186 | D        | Noticed a centaur warrior
  2186 | D        | Noticed a boulder beetle
  2197 | D        | Killed a tengu warrior
  2199 | D        | Killed a centaur warrior
  2201 | D        | Noticed a fire giant
  2207 | D        | Noticed a tengu warrior
  2211 | D        | Identified the +7 mace of Incongruity {antimagic, rPois
                  | Str-2 SInv Stlth+} (Trog gifted it to you in the Dungeon)
  2211 | D        | Received a gift from Trog
  2214 | D        | Noticed an ice dragon
  2216 | D        | Noticed a stone giant
  2216 | D        | Noticed a deep troll shaman
  2220 | D        | Killed a fire giant
  2221 | D        | Reached skill level 22 in Maces & Flails
  2221 | D        | Noticed a deep troll shaman
  2232 | D        | Killed a tengu warrior
  2232 | D        | Received a gift from Trog
  2415 | D        | Killed an ice dragon
  2419 | D        | Killed a stone giant
  2423 | D        | Killed a deep troll shaman
  2428 | D        | Killed a deep troll shaman
  2429 | D        | Reached XP level 13. HP: 101/101 MP: 13/13
  2511 | D        | Noticed Donald
  2519 | D        | Killed Donald
  2519 | D        | Received a gift from Trog
  2617 | D        | Noticed an eleionoma
  2621 | D        | Reached skill level 15 in Armour
  2647 | D        | Killed an eleionoma
  2648 | D        | Reached skill level 23 in Maces & Flails
  2648 | D        | Received a gift from Trog
  2659 | D        | HP: 3/102 [something (20)]
  2659 | D        | Demolished by a goliath frog

Illustrated notes

Levels and vault maps discovered:
D:        linesprint [early_d, line_temple, items_1, d_10, items_2, lair_1,
          lair_end, items_3, orc_1, orc_end, items_4, d_15, swamp_1, shoals_1,
          snake_1, spider_1, d_20, vaults_1, items_5, swamp_end, shoals_end,
          snake_end, spider_end, vaults_end, d_27, items_6, zot_1, zot_end,
          crypt_end, forest_end, elf_end, slime_end, tomb_end, abyss_end,
          pan_hell_end]

Skill      XL: |  1  2  3  4  5  6  7  8  9 10 11 12 13 |
---------------+----------------------------------------+-----
Fighting       | 5 6 7 9 10 11 12 13 15 17 19 20 | 20.3
Maces & Flails | 4 6 7 8 10 12 13 15 17 20 22 23 | 23.1
Dodging        | 2 3 4 5 6 7 8 |  8.3
Armour         | 3 4 5 6 7 8 11 12 14 15 | 15.5
Stealth        | 1 2 |  2.9
Evocations     | 1 4 |  4.3

Action                   |  1- 3 |  4- 6 |  7- 9 | 10-12 | 13-15 || total
-------------------------+-------+-------+-------+-------+-------++-------
Melee: Mace              |    25 |     8 |       |       |       ||    33
       Morningstar       |       |     7 |    77 |    57 |       ||   141
       Punch             |       |       |       |     2 |       ||     2
       Great mace        |       |       |       |   166 |    34 ||   200
Invok: Berserk           |     2 |     1 |     2 |     7 |     1 ||    13
       Brothers in Arms  |       |       |       |     2 |     2 ||     4
Evoke: Wand              |       |       |       |     7 |     1 ||     8
  Use: Potion            |     1 |       |       |     1 |     5 ||     7
       Scroll            |       |       |       |       |     1 ||     1
Armor: Animal skin       |     7 |       |       |       |       ||     7
       Plate armour      |       |     5 |    53 |    97 |       ||   155
       Chain mail        |       |       |       |    31 |    72 ||   103
Dodge: Dodged            |     9 |     6 |    35 |    79 |     8 ||   137

Table legend: (Time is in decaauts)
 A = Elapsed time spent in this place.
 B = Non-inter-level travel time spent in this place.
 C = Inter-level travel time spent in this place.
 D = Time resting spent in this place.
 E = Time spent auto-exploring this place.
 F = Levels seen in this place.
 G = Mean time per level.
                   A        B        C        D        E       F      G
               +--------+--------+--------+--------+--------+-----+--------+
         Total |   2667 |   2667 |      0 |   1442 |    117 |   1 | 2667.0 |
       Dungeon |   2667 |   2667 |      0 |   1442 |    117 |   1 | 2667.0 |
               +--------+--------+--------+--------+--------+-----+--------+

Top non-repeatable levels by time:
       D: 2667 daAuts
